 Dungeon Crawl Stone Soup version 0.28.0-45-g0d030f2227 (webtiles) character file.

Game seed: 18115530625251723051

41 CryoSword the Grasshopper (level 3, -10/31 HPs)
             Began as a Gnoll Warper on Apr 19, 2022.
             Killed by divine providence
             ... invoked by an orc priest
              (14 damage)
             ... on level 3 of the Dungeon.
             The game lasted 00:01:33 (1707 turns).

CryoSword the Grasshopper (Gnoll Warper)            Turns: 1707, Time: 00:01:34

Health: -10/31     AC:  3    Str: 12    XL:     3   Next: 52%
Magic:  9/9        EV:  8    Int: 12    God:
Gold:   59         SH: 10    Dex: 11    Spells: 10/12 levels left

rFire   . . .      SeeInvis .   f - +0 trident
rCold   . . .      Faith    .   k - +0 tower shield
rNeg    . . .      Spirit   .   b - +0 leather armour
rPois   .          Reflect  .   (no helmet)
rElec   .          Harm     .   (no cloak)
rCorr   .          Rampage  .   (no gloves)
Will    .....                   (no boots)
Stlth   +.........              (no amulet)
HPRegen 0.10/turn               (no ring)
MPRegen 0.11/turn               (no ring)

@: no status effects
A: fangs 1, strong nose, distributed training
a: no special abilities


You were on level 3 of the Dungeon.
You visited 1 branch of the dungeon, and saw 3 of its levels.

You collected 59 gold pieces.

Inventory:

Hand Weapons
 f - a +0 trident (weapon)
   (You found it on level 1 of the Dungeon)
Missiles
 d - 5 boomerangs of dispersal (quivered) {!f}
Armour
 b - a +0 leather armour (worn)
 k - a +0 tower shield (worn)
   (You found it on level 1 of the Dungeon)
Scrolls
 a - 2 scrolls of identify {unknown}
 c - a scroll of blinking
 e - a scroll of enchant weapon {unknown}
 g - a scroll of brand weapon {unknown}
 h - a scroll of amnesia {unknown}
Potions
 i - 2 potions of flight {unknown}
 j - a potion of degeneration {unknown}
 l - a potion of heal wounds {unknown}


   Skills:
 + Level 4.5 Fighting
 + Level 0.8 Short Blades
 + Level 0.8 Long Blades
 + Level 0.8 Axes
 + Level 0.8 Maces & Flails
 + Level 4.5 Polearms
 + Level 0.8 Staves
 + Level 0.8 Slings
 + Level 0.8 Bows
 + Level 0.8 Crossbows
 + Level 2.6 Throwing
 + Level 2.6 Armour
 + Level 4.5 Dodging
 + Level 0.8 Stealth
 + Level 0.8 Shields
 + Level 0.8 Unarmed Combat
 + Level 5.0 Spellcasting
 + Level 0.5 Conjurations
 + Level 0.5 Hexes
 + Level 0.5 Summonings
 + Level 0.5 Necromancy
 + Level 5.4 Translocations
 + Level 0.5 Transmutations
 + Level 0.5 Fire Magic
 + Level 0.5 Ice Magic
 + Level 0.5 Air Magic
 + Level 0.5 Earth Magic
 + Level 0.5 Poison Magic
 + Level 1.0 Invocations
 + Level 0.8 Evocations


You had 10 spell levels left.
You knew the following spells:

 Your Spells              Type           Power      Damage    Failure   Level
B - Blink                 Tloc           32%        N/A       56%         2

Your spell library contained the following spells:

 Spells                   Type           Power      Damage    Failure   Level
 Gell's Gravitas          Tloc           16%        N/A       80%         3
 Lesser Beckoning         Tloc           16%        N/A       80%         3
 Teleport Other           Tloc           16%        N/A       80%         3
 Summon Guardian Golem    Hex/Summ       4%         N/A       100%        3
 Manifold Assault         Tloc           16%        N/A       100%        5
 Orb of Destruction       Conj           2%         9d5       100%        7
 Spellforged Servitor     Conj/Summ      2%         N/A       100%        7


Dungeon Overview and Level Annotations

Branches:
Dungeon (2/15)

Altars:


Innate Abilities, Weirdness & Mutations

You have very sharp teeth.
Your uncanny sense of smell can sniff out nearby items.
Your experience applies equally to all skills.


Message History

You hit the hobgoblin but do no damage. The hobgoblin hits you.
* * * LOW HITPOINT WARNING * * *
You block the hobgoblin's attack.
You hit the hobgoblin. The hobgoblin barely misses you.
You hit the hobgoblin but do no damage. You block the hobgoblin's attack. x2
You hit the hobgoblin but do no damage.
The hobgoblin hits you but does no damage.
You hit the hobgoblin.
You kill the hobgoblin!
Key pressed, stopping explore.
Things that are here:
a +0 dagger; a hobgoblin corpse Partly explored, can't reach some places.
Partly explored, can't reach some places.
You see here a +0 whip.
There is a stone staircase leading down here.
You climb downwards.
Found a scale mail.
There is a stone staircase leading up here.
Found an escape hatch in the ceiling.
Found a scale mail.
A kobold comes into view. It is wielding a +0 whip.
A kobold is nearby!
A kobold is nearby!
A kobold is nearby!
The kobold shouts!
A kobold comes into view. It is wielding a +0 short sword.
The kobold shouts!
The kobold throws a stone.
The stone hits you.
You reach to attack!
You hit the kobold but do no damage. You barely miss the kobold.
The kobold throws a stone.
The stone barely misses you. The kobold hits you with a +0 whip.
You block the kobold's attack.
You hit the kobold but do no damage. The kobold hits you with a +0 whip.
You hit the kobold.
You kill the kobold!
The kobold throws a stone.
The stone hits you but does no damage.
The kobold throws a stone.
The stone barely misses you.
The kobold throws a stone.
The stone hits you but does no damage.
The kobold throws a stone.
You block the stone.
You reach to attack!
You hit the kobold but do no damage. You barely miss the kobold.
You block the kobold's attack.
The kobold hits you with a +0 short sword.
You barely miss the kobold. You block the kobold's attack.
You puncture the kobold!
You kill the kobold!
No target in view!
Things that are here:
a +0 short sword; 4 stones; a kobold corpse You now have 53 gold pieces (gained 11).
Found 8 arrows.
You see here a +0 whip.
An adder is nearby!
An adder is nearby!
An adder is nearby!
An adder is nearby!
You reach to attack!
You miss the adder.
The adder hisses angrily.
The adder barely misses you.
You closely miss the adder. The adder bites you but does no damage.
The adder bites you.
You closely miss the adder. The adder closely misses you. The adder bites you.
You closely miss the adder.
The frilled lizard hisses angrily.
The adder bites you.
You are poisoned.
The adder poisons you! The adder closely misses you.
You feel sick.
You feel sick.
Found a stone staircase leading down.
You feel sick. The adder bites you.
You feel sick.
You are no longer poisoned.
The adder bites you.
You barely miss the adder. The adder bites you.
The adder bites you but does no damage.
You puncture the adder! You block the adder's attack.
The adder bites you but does no damage.
You puncture the adder!
You kill the adder!
Your Invocations skill increases to level 1!
The frilled lizard bites you.
You hit the frilled lizard.
You kill the frilled lizard!
You see here a frilled lizard corpse.
You start resting.
You see here a frilled lizard corpse.
There is a stone staircase leading up here.
l - a fuming brown potion You pick up a book of Dangerous Friends and begin reading...
You add the spells Summon Guardian Golem, Orb of Destruction and Spellforged Servitor to your library.
There is a stone staircase leading down here.
There is a stone staircase leading up here.
Could not explore, unopened door.
Could not explore, unopened door.
Could not explore, unopened door.
You open the door.
There is an open door here.
There is an open door here.
Could not explore, unopened door.
Could not explore, unopened door.
You open the door.
Could not explore, unopened door.
Could not explore, unopened door.
You open the door.
There is an open door here.
There is an open door here.
You see here a frilled lizard skeleton.
A bat comes into view.
A bat is nearby!
A bat is nearby!
There's nothing to open nearby.
You hit the bat but do no damage. The bat hits you but does no damage.
You reach to attack!
You hit the bat.
You kill the bat!
No target in view!
No target in view!
A quokka comes into view.
A quokka is nearby!
A quokka is nearby!
You reach to attack!
You closely miss the quokka. You block the quokka's attack.
You closely miss the quokka.
The quokka bites you but does no damage.
The quokka bites you.
You hit the quokka.
You kill the quokka!
No target in view!
Found a stone staircase leading down.
You now have 59 gold pieces (gained 6).
A sourceless malevolence fills the Dungeon...
You fall into a shaft and drop 1 floor!
The shaft crumbles and collapses.
A giant cockroach, an orc priest, 2 orcs and an orc wizard come into view.
The orc wizard is wielding a +0 dagger of draining.
The orc shouts!
The orc wizard shouts!
Found 25 arrows and a golden potion.
The orc wizard mumbles some strange words.
The orc wizard flickers and vanishes!
Deactivating autopickup; reactivate with Ctrl-A.
The giant cockroach waves its antennae.
The orc priest calls down the wrath of Beogh upon you.
Beogh smites you!
The orc priest calls down the wrath of Beogh upon you.
Beogh smites you!
* * * LOW HITPOINT WARNING * * *
The giant cockroach bites you.
* * * LOW HITPOINT WARNING * * *
The orc priest invokes the aid of Beogh against you.
Beogh smites you!
You die...

.##.# ##.#!####
# ##.......##. #
##.......... ..
#.#.#.......##.#
#..............
#.......# #
.##....ooo##.#
...........B@..#
##..############
.(. # ∆ ∆


You could see an orc priest, 2 orcs and a giant cockroach.

Vanquished Creatures
  An adder (D:2)
  2 dart slugs (D:1)
  3 ball pythons
  2 endoplasms (D:1)
  3 goblins (D:1)
  3 hobgoblins (D:1)
  4 kobolds
  A quokka (D:2)
  3 bats
  5 frilled lizards
  A rat (D:1)
28 creatures vanquished.

Notes
Turn   | Place    | Note
-------+----------+-------------------------------------------
     0 | D:1      | CryoSword the Gnoll Warper began the quest for the Orb.
     0 | D:1      | Reached XP level 1. HP: 20/20 MP: 6/6
    80 | D:1      | Reached XP level 2. HP: 19/26 MP: 7/7
   465 | D:1      | Found a faded altar of an unknown god.
   571 | D:1      | Learned a level 2 spell: Blink
   940 | D:2      | Reached XP level 3. HP: 31/31 MP: 9/9
   960 | D:1      | Reached skill level 5 in Spellcasting
  1330 | D:2      | Reached skill level 1 in Invocations
  1702 | D:2      | You fall into a shaft and drop 1 floor!
  1707 | D:3      | Killed from afar by an orc priest

Illustrated notes

Levels and vault maps discovered:
D:1:      minmay_arrival_wavy_path, layout_rooms,
          nicolae_ecumenical_lake_church, kennysheep_minor_cross, minmay_tall_x
D:2:      layout_basic, minmay_misc_feat_encased, nrook_loot_triangle
D:3:      layout_loops_ring, nicolae_overflow_crystal_walls

Skill      XL: |  1  2  3 |
---------------+----------+-----
Spellcasting   | 5 |  5.0
Invocations    | 1 |  1.0
Fighting       | |  4.5
Short Blades   | |  0.8
Long Blades    | |  0.8
Axes           | |  0.8
Maces & Flails | |  0.8
Polearms       | |  4.5
Staves         | |  0.8
Slings         | |  0.8
Bows           | |  0.8
Crossbows      | |  0.8
Throwing       | |  2.6
Armour         | |  2.6
Dodging        | |  4.5
Stealth        | |  0.8
Shields        | |  0.8
Unarmed Combat | |  0.8
Conjurations   | |  0.5
Hexes          | |  0.5
Summonings     | |  0.5
Necromancy     | |  0.5
Translocations | |  5.4
Transmutations | |  0.5
Fire Magic     | |  0.5
Ice Magic      | |  0.5
Air Magic      | |  0.5
Earth Magic    | |  0.5
Poison Magic   | |  0.5
Evocations     | |  0.8

Action                   || total
-------------------------++-------
Melee: Trident           ||    78
       Spear             ||     7
       Bite              ||     4
Armor: Leather armour    ||    26
Dodge: Dodged            ||    37
Block: Tower shield      ||    24
